 Dungeon Crawl Stone Soup version 0.18.1-50-g88ac8fd (webtiles) character file.

20780 nikopol the Cleaver (level 12, 0/108 HPs)
             Began as a Hill Orc Berserker on Oct 16, 2016.
             Was the Champion of Trog.
             Succumbed to Sonja's poison
             ... on level 3 of the Lair of Beasts.
             The game lasted 01:07:46 (15073 turns).

nikopol the Cleaver (Hill Orc Berserker)           Turns: 15073, Time: 01:07:47

Health: 0/108      AC: 26    Str: 22    XL:     12   Next: 83%
Magic:  12/12      EV: 12    Int:  7    God:    Trog [******]
Gold:   845        SH:  0    Dex: 13    Spells: 0 memorised, 11 levels left

rFire  . . .     SeeInvis +     a - +0 war axe (flame)
rCold  + . .     Gourm    .     r - +6 chain mail
rNeg   . . .     Faith    .     (no shield)
rPois  .         Spirit   .     o - +1 hat "Tioxtuy" {MR- rCorr SInv Stlth+}
rElec  .         Dismiss  .     w - +2 cloak {MR+}
rCorr  +         Reflect  .     G - +1 pair of gloves
SustAt .         Harm     .     O - +1 pair of boots
MR     .....                    g - amulet of regeneration
Stlth  ..........               (no ring)
                                t - ring of protection from cold

@: lethally poisoned (0 -> -35), not resistant to hostile enchantments,
extremely unstealthy
A: no striking features
a: Berserk, Trog's Hand, Brothers in Arms, Burn Spellbooks, Renounce Religion


You were on level 3 of the Lair of Beasts.
You worshipped Trog.
Trog was exalted by your worship.
You were hungry.

You visited 2 branches of the dungeon, and saw 13 of its levels.
You also visited: Bailey.

You collected 845 gold pieces.

Inventory:

Hand Weapons
 a - a +0 war axe of flaming (weapon)
 b - a +6 antimagic executioner's axe
 z - a +0 shortbow
Missiles
 u - 68 arrows (quivered)
Armour
 o - the +1 hat "Tioxtuy" (worn) {MR- rCorr SInv Stlth+}
   (You acquired it on level 2 of the Lair of Beasts)

   It affects your resistance to hostile enchantments.
   It lets you see invisible.
   It protects you from acid and corrosion.
   It makes you more stealthy.
 r - a +6 chain mail (worn)
 w - a +2 cloak of magic resistance (worn)
 A - the +2 cloak of the Orb {rCorr}
   (You found it on level 4 of the Dungeon)

   It protects you from acid and corrosion.
 G - a +1 pair of gloves (worn)
 O - a +1 pair of boots (worn)
Jewellery
 g - an amulet of regeneration (around neck)
 t - a ring of protection from cold (left hand)
 y - an uncursed ring of resist corrosion
 N - an uncursed amulet of dismissal
 S - an uncursed ring of stealth {unknown}
Wands
 j - a wand of teleportation (6/9)
 C - a wand of digging (12/24)
Scrolls
 e - a scroll of enchant armour
 l - 7 scrolls of remove curse
 s - 7 scrolls of teleportation
 x - 2 scrolls of fear
 B - a scroll of blinking
 D - a scroll of fog
 H - 2 scrolls of identify
 K - a scroll of holy word {unknown}
 P - 3 scrolls of magic mapping
Potions
 f - 3 potions of haste
 h - a potion of berserk rage
 i - 4 potions of agility
 k - a potion of ambrosia
 m - 6 potions of curing
 n - 4 potions of heal wounds
 p - a potion of resistance
 q - 3 potions of magic
 v - a potion of experience
 E - 3 potions of flight
 I - a potion of brilliance
 Q - a potion of cure mutation {unknown}
Comestibles
 c - 8 bread rations
 d - a royal jelly
 F - 4 fruits
 J - 2 beef jerkies
 L - 5 meat rations
 M - 2 slices of pizza


   Skills:
 + Level 10.8 Fighting
 * Level 14.7 Axes
 * Level 8.3 Bows
 + Level 9.9 Armour
 + Level 7.6 Dodging


You had 11 spell levels left.
You didn't know any spells.

Dungeon Overview and Level Annotations

Branches:
Dungeon (10/15)            Temple (0/1) D:4            Lair (3/8) D:10
  Snake (0/4) Lair:3
  Swamp: Lair:3-6    Shoals: Lair:3-6       Orc: D:9-12

Altars:
Ashenzari
Fedhas
Makhleb
Nemelex Xobeh
Okawaru
Pakellas
Ru
Sif Muna
Vehumet
Yredelemnul
Zin

Annotations:
Lair:3 Sonja


Message History

You are more poisoned.
Sonja barely misses you.
You completely miss Sonja.
Sonja is moderately wounded.
* * * LOW HITPOINT WARNING * * *
You feel very sick.
Sonja gestures wildly while chanting.
Sonja blinks!
* * * LOW HITPOINT WARNING * * *
You feel very sick.
* * * LOW HITPOINT WARNING * * *
You feel very sick.
Sonja says, "If only old Madame Brzewit could see me now!"
Sonja casts a spell.
Sonja blinks!
* * * LOW HITPOINT WARNING * * *
You feel very sick.
Sonja gestures wildly while chanting.
Sonja blinks!
You die...

.P...P...PP♣♣♣....#...........###
P.......PPPP♣♣....##....##....#
♣P...P♣♣♣♣♣♣♣......#...##.#..##
♣♣...P♣♣♣♣♣♣.......#..##.##...#
..(.....(.........##<..#####..#
..................##.....##...#
...................#(......#..#
.)...............K##.......#.##
..........###..#@#....##......#
...........#.#.##<...##..#....##
...............##..#.#####.....##
..(........>.........# #......#P
.###P.((..(......(#..## ####P....
## ###...#........((..# ###..#
#####.......(...<#########..
#....#.#....(..........P
#....####....#(######...


You could see Sonja.

Vanquished Creatures
  An orc warlord (Bailey)
  The ghost of Aviak the Blocker, a journeyman FoFi of Okawaru (D:10)
  The ghost of Jardinier the Fighter, a journeyman HuBe of Trog (Lair:2)
  The ghost of Duraxyll the Protected, a journeyman GrBe of Trog (Lair:1)
  The ghost of Shufflesack the Unseen, a journeyman HaAs of Dithmenos (Lair:1)
  Pikel (D:8)
  13 elephants
  Joseph (D:7)
  A spiny frog (Lair:1)
  An ice statue (D:7)
  A two-headed ogre (D:8)
  A merfolk (D:9)
  4 blink frogs (Lair:1)
  2 water moccasins
  A wraith (D:9)
  3 wyverns
  A basilisk (Lair:3)
  2 hippogriffs
  A hungry ghost (D:4)
  Duvessa (D:4)
  5 porcupines
  18 orc warriors
  A slave (D:7)
  5 ice beasts
  2 black bears
  3 phantoms
  A sky beast (D:8)
  4 centaurs
  6 ogres
  4 crocodiles
  12 giant frogs
  Dowan (D:4)
  9 killer bees
  2 howler monkeys (D:10)
  4 crimson imps
  2 giant frog zombies
  2 centaur zombies
  5 hounds
  A gnoll shaman (D:6)
  3 orc priests
  3 centaur skeletons
  7 iguanas
  7 orc wizards
  4 worker ants
  6 sheep (Lair:3)
  A hound skeleton (D:7)
  A howler monkey zombie (D:10)
  8 adders
  18 gnolls
  11 river rats
  2 oozes
  A worm (D:3)
  A dart slug (D:2)
  10 giant geckos
  55 orcs
  17 bats
  11 giant cockroaches
  23 goblins
  23 hobgoblins
  10 jackals
  9 kobolds
  6 quokkas
  2 ball pythons
  6 giant newts
  A jackal zombie (D:6)
  A quokka skeleton (D:5)
  17 rats
  17 fungi
  3 plants
410 creatures vanquished.

Vanquished Creatures (others)
  Harold (Lair:3)
  2 slaves (D:8)
  A jelly (D:8)
  An adder (D:8)
  A quokka skeleton (D:8)
  14 fungi (Lair:3)
  6 plants (Lair:3)
26 creatures vanquished.

Grand Total: 436 creatures vanquished

Notes
Turn   | Place    | Note
--------------------------------------------------------------
     0 | D:1      | nikopol the Hill Orc Berserker began the quest for the Orb.
     0 | D:1      | Reached XP level 1. HP: 19/19 MP: 1/1
   114 | D:1      | Reached XP level 2. HP: 26/26 MP: 2/2
   115 | D:1      | Found an iron altar of Okawaru.
   667 | D:1      | Reached XP level 3. HP: 31/33 MP: 3/3
   671 | D:1      | Reached ** piety under Trog
  1191 | D:2      | Found a glowing silver altar of Zin.
  1387 | D:2      | Found a faded altar to an unknown god.
  1567 | D:2      | Reached XP level 4. HP: 6/40 MP: 4/4
  2703 | D:3      | Reached *** piety under Trog
  2761 | D:3      | Reached skill level 5 in Axes
  3073 | D:4      | Reached XP level 5. HP: 17/47 MP: 5/5
  3315 | D:4      | Noticed Duvessa
  3316 | D:4      | Noticed Dowan
  3324 | D:4      | Killed Duvessa
  3324 | D:4      | Reached XP level 6. HP: 53/53 MP: 6/6
  3333 | D:4      | Killed Dowan
  3395 | D:4      | Noticed a phantom
  3436 | D:4      | Killed a phantom
  3436 | D:4      | Reached skill level 5 in Fighting
  3598 | D:4      | Reached XP level 7. HP: 19/61 MP: 7/7
  3693 | D:4      | Reached skill level 6 in Axes
  3856 | D:4      | Noticed a hungry ghost
  3912 | D:4      | Killed a hungry ghost
  3936 | D:4      | Reached skill level 5 in Armour
  4127 | D:4      | Got a scorched cloak
  4133 | D:4      | Identified the +2 cloak of the Orb {rCorr} (You found it on level 4 of the Dungeon)
  4369 | D:4      | Reached skill level 7 in Axes
  4369 | D:4      | Reached XP level 8. HP: 44/70 MP: 8/8
  4546 | D:4      | Found a staircase to the Ecumenical Temple.
  4831 | D:5      | Entered Level 5 of the Dungeon
  5198 | D:5      | Reached **** piety under Trog
  5487 | D:6      | Found a burning altar of Makhleb.
  5670 | D:6      | Found a shattered altar of Ashenzari.
  5810 | D:6      | Reached skill level 8 in Axes
  5841 | D:6      | Found an oddly glowing altar of Pakellas.
  6413 | D:7      | Noticed Joseph
  6459 | D:7      | Killed Joseph
  6459 | D:7      | Reached skill level 9 in Axes
  6459 | D:7      | Reached skill level 5 in Dodging
  6459 | D:7      | Reached XP level 9. HP: 79/79 MP: 9/9
  6841 | D:7      | Noticed an ice statue
  7111 | D:7      | Killed an ice statue
  7111 | D:7      | Reached skill level 1 in Bows
  7359 | D:8      | Reached skill level 10 in Axes
  7466 | D:8      | Found a blossoming altar of Fedhas.
  7480 | D:8      | Found a basalt altar of Yredelemnul.
  7492 | D:8      | Found a sacrificial altar of Ru.
  7502 | D:8      | Noticed Pikel
  7532 | D:8      | Killed Pikel
  7532 | D:8      | Reached XP level 10. HP: 88/88 MP: 10/10
  7614 | D:8      | Found a sparkling altar of Nemelex Xobeh.
  7671 | D:8      | Reached ***** piety under Trog
  8073 | D:8      | Reached skill level 11 in Axes
  8272 | D:8      | Found a deep blue altar of Sif Muna.
  8858 | D:9      | Found a flagged portal.
  8878 | Bailey   | Entered a bailey
  9382 | Bailey   | Noticed an orc warlord
  9396 | Bailey   | Killed an orc warlord
  9396 | Bailey   | Reached skill level 12 in Axes
  9396 | Bailey   | Reached skill level 5 in Bows
  9396 | Bailey   | Reached XP level 11. HP: 89/97 MP: 11/11
  9752 | D:9      | Received a gift from Trog
 10782 | D:10     | Entered Level 10 of the Dungeon
 11125 | D:10     | Found a staircase to the Lair.
 11275 | D:10     | Reached skill level 13 in Axes
 11346 | D:10     | Reached ****** piety under Trog
 11447 | D:10     | Noticed Aviak's ghost (journeyman FoFi)
 11466 | D:10     | Killed Aviak's ghost
 11943 | Lair:1   | Entered Level 1 of the Lair of Beasts
 11943 | Lair:1   | Found a radiant altar of Vehumet.
 12052 | Lair:1   | Noticed Shufflesack's ghost (journeyman HaAs)
 12068 | Lair:1   | Killed Shufflesack's ghost
 12286 | Lair:1   | Noticed Duraxyll's ghost (journeyman GrBe)
 12308 | Lair:1   | Killed Duraxyll's ghost
 12308 | Lair:1   | Reached skill level 10 in Fighting
 12308 | Lair:1   | Reached XP level 12. HP: 106/106 MP: 12/12
 12867 | Lair:2   | Noticed Jardinier's ghost (journeyman HuBe)
 12890 | Lair:2   | Killed Jardinier's ghost
 13023 | Lair:2   | Received a gift from Trog
 13024 | Lair:2   | Got a polished war axe {god gift}
 13025 | Lair:2   | Identified the +9 war axe of the Equinox {distort, Str+4} (Trog gifted it to you on level 2 of the Lair of Beasts)
 13105 | Lair:2   | Reached skill level 14 in Axes
 13168 | Lair:2   | Identified 2 scrolls of acquirement
 13187 | Lair:2   | Got a scorched hat
 13193 | Lair:2   | Identified the +1 hat "Tioxtuy" {MR- rCorr SInv Stlth+} (You acquired it on level 2 of the Lair of Beasts)
 13792 | Lair:3   | Noticed Sonja
 14178 | Lair:3   | Noticed Harold
 14211 | Lair:3   | Killed Harold
 14730 | Lair:3   | Found a staircase to the Snake Pit.
 15072 | Lair:3   | HP: 4/108 [poisoned by Sonja]
 15073 | Lair:3   | Succumbed to Sonja's poison

Skill      XL: |  1  2  3  4  5  6  7  8  9 10 11 12 |
---------------+-------------------------------------+-----
Dodging        | 2 3 4 5 6 7 |  7.6
Armour         | 3 4 5 6 7 8 9 |  9.9
Fighting       | 4 5 6 7 8 9 10 | 10.8
Axes           | 5 7 9 10 12 13 14 | 14.7
Bows           | 3 5 7 8 |  8.3

Action                   |  1- 3 |  4- 6 |  7- 9 | 10-12 || total
-------------------------+-------+-------+-------+-------++-------
Melee: Hand axe          |   126 |   194 |   358 |       ||   678
       War axe           |       |       |    68 |   733 ||   801
 Fire: Shortbow          |       |       |    21 |   216 ||   237
       Longbow           |       |       |    32 |   191 ||   223
Invok: Berserk           |     1 |     1 |     6 |     7 ||    15
       Trog's Hand       |       |     1 |       |     1 ||     2
       Burn Spellbooks   |       |       |     1 |     2 ||     3
Evoke: Wand              |       |       |       |     1 ||     1
  Use: Scroll            |       |       |    17 |    15 ||    32
       Potion            |       |       |       |     3 ||     3
  Eat: Chunk             |     1 |     6 |    20 |    28 ||    55
       Royal jelly       |     1 |       |     1 |     1 ||     3
       Bread ration      |       |       |     4 |       ||     4
       Pizza             |       |       |     1 |       ||     1
       Fruit             |       |       |       |     2 ||     2
Armor: Animal skin       |    19 |       |       |       ||    19
       Ring mail         |    11 |    22 |       |       ||    33
       Chain mail        |       |    81 |   319 |   514 ||   914
Dodge: Dodged            |    77 |    85 |   221 |   448 ||   831
